 Dungeon Sprint DCSS version 0.21-a0-522-ga8338f0 (webtiles) character file.

81 Kidiri the Insei (level 4, -1/60 HPs)
             Began as a Draconian Transmuter on Dec 6, 2017.
             Was a Follower of Sif Muna.
             Slain by an orc warrior
             ... wielding a +0 dire flail
              (19 damage)
             ... in the Dungeon (Sprint VII: "The Pits").
             The game lasted 00:02:22 (570 turns).

Kidiri the Insei (Draconian Transmuter)              Turns: 570, Time: 00:02:23

Health: -1/60      AC:  2    Str: 17    XL:     4   Next: 20%
Magic:  2/9        EV: 22    Int: 13    God:    Sif Muna [*.....]
Gold:   0          SH:  0    Dex: 18    Spells: 0/10 levels left

rFire    . . .     SeeInvis .     - Unarmed
rCold    . . .     Gourm    .   (shield currently unavailable)
rNeg     . . .     Faith    .   (armour unavailable)
rPois    x         Spirit   .   (helmet currently unavailable)
rElec    .         Reflect  .   (cloak currently unavailable)
rCorr    .         Harm     .   (gloves currently unavailable)
MR       .....     NoTele   +   (boots currently unavailable)
Stlth    ..........             (no amulet)
HPRegen  0.20/turn              (no ring)
MPRegen  0.11/turn              (no ring)

@: berserking, spider-form, very slightly contaminated, very quick
A: tiny, unfitting armour, AC +5
a: End Transformation, Divine Energy, Renounce Religion


You were in the Dungeon.
You worshipped Sif Muna.
Sif Muna was aware of your devotion.
You were not hungry.
You were a venomous arachnid creature.
You visited 1 branch

Inventory:

Missiles
 a - 10 arrows
Scrolls
 i - a scroll of blinking
 l - 3 scrolls of remove curse
 m - 5 scrolls of amnesia
 n - a scroll of summoning
Potions
 d - 6 potions of curing
 e - 3 potions of heal wounds
 f - a potion of haste
 g - 4 potions of magic
 k - 2 potions of invisibility
Books
 b - a book of Changes

   Spells                             Type                      Level
   a - Beastly Appendage              Transmutation                1
   b - Sticks to Snakes               Transmutation                2
   c - Spider Form                    Transmutation/Poison         3
   d - Ice Form                       Ice/Transmutation            4
   e - Blade Hands                    Transmutation                5
Comestibles
 c - 8 bread rations
 j - a chunk of flesh
 o - 40 fruits
 p - 7 meat rations


   Skills:
 * Level 3.9 Fighting
 * Level 3.6 Dodging
 + Level 2.2 Stealth
 * Level 4.6 Unarmed Combat
 * Level 3.7 Spellcasting
 + Level 3.2 Transmutations
 + Level 0.0 Ice Magic
 + Level 1.2 Poison Magic


You couldn't memorise any spells.
You knew the following spells:

 Your Spells              Type           Power        Failure   Level  Hunger
a - Beastly Appendage     Tmut           ##....       16%         1    #......
b - Sticks to Snakes      Tmut           ##......     22%         2    ##.....
c - Spider Form           Tmut/Pois      #.........   47%         3    ###....
d - Ice Form              Ice/Tmut       #.......     87%         4    #####..


Dungeon Overview and Level Annotations

Branches:
Dungeon (1/1)

Altars:
Ashenzari
Cheibriados
Dithmenos
Elyvilon
Fedhas
Gozag
Hepliaklqana
Kikubaaqudgha
Makhleb
Nemelex Xobeh
Okawaru
Qazlal
Ru
Sif Muna
Trog
Uskayaw
Vehumet
Wu Jian
Xom
Yredelemnul
Zin
The Shining One
Beogh
Jiyva
Lugonu

Annotations:
D exclusions: 6 doors and 6 more exclusions, Grinder


Innate Abilities, Weirdness & Mutations

((Your plain brown scales are hard. (AC +5)))
You cannot fit into any form of body armour.
((You are cold-blooded and may be slowed by cold attacks.))


Message History

Ouch! That really hurt!
* * * LOW HITPOINT WARNING * * *
Unknown command.
You barely miss the orc warrior. The orc warrior misses you.
A red film seems to cover your vision as you go berserk!
You feel yourself moving faster!
You feel mighty! The orc warrior misses you.
You barely miss the orc warrior.
The orc wizard mumbles some strange words.
The orc wizard seems to speed up.
You hit the orc warrior.
The orc warrior is poisoned.
The orc warrior is lightly wounded.
Grinder blinks!
The orc warrior closely misses you.
The orc wizard looks braver for a moment.
You bite the orc warrior!
The orc warrior is moderately wounded.
You hit the orc warrior.
The orc warrior looks as sick as possible!
The orc warrior is heavily wounded.
The orc warrior hits you with a dire flail!!
You die...

##########+##.....
#.?(.+)))+.##.....
##########.##.....
#...........'.....
#'#####+#####.....
#.#.....#[[##.....
#.#.)...#))#####+#
#.###+###))##.....
#s#.....#))##.....
#o#.....#..##.....
#o####+##+###...<.
#o#........##.....
#o#........##.....
#a###########.....


#So.oos.# ###### #os.#...# #...# .# You could see 2 orc warriors, a worker ant,
an orc wizard, an adder, 3 orcs and a giant cockroach.

Vanquished Creatures
  An iron imp (D)
  A worker ant (D)
  An adder (D)
  An ooze (D)
  2 leopard geckos (D)
  2 orcs (D)
  A goblin (D)
  A hobgoblin (D)
  A bat (D)
11 creatures vanquished.

Notes
Turn   | Place    | Note
-------+----------+-------------------------------------------
     0 | D        | Kidiri the Draconian Transmuter began the quest for the Orb.
     0 | D        | Reached XP level 1. HP: 16/16 MP: 3/3
    74 | D        | Found a bloodstained altar of Trog.
    74 | D        | Found a deep blue altar of Sif Muna.
    74 | D        | Found a viscous altar of Jiyva.
    74 | D        | Found a hazy altar of Hepliaklqana.
    74 | D        | Found an opulent altar of Gozag.
    75 | D        | Found a glowing golden altar of the Shining One.
    75 | D        | Found a glowing silver altar of Zin.
    75 | D        | Found a basalt altar of Yredelemnul.
    75 | D        | Found a shimmering altar of Xom.
    75 | D        | Found an ornate altar of the Wu Jian Council.
    75 | D        | Found a sacrificial altar of Ru.
    75 | D        | Found a stormy altar of Qazlal.
    75 | D        | Found an iron altar of Okawaru.
    75 | D        | Found a sparkling altar of Nemelex Xobeh.
    75 | D        | Found a burning altar of Makhleb.
    75 | D        | Found a blossoming altar of Fedhas.
    75 | D        | Found a white marble altar of Elyvilon.
    75 | D        | Found a shadowy altar of Dithmenos.
    75 | D        | Found a snail-covered altar of Cheibriados.
    77 | D        | Found a radiant altar of Vehumet.
    77 | D        | Found a corrupted altar of Lugonu.
    77 | D        | Found a roughly hewn altar of Beogh.
    78 | D        | Found a hide-covered altar of Uskayaw.
    78 | D        | Found an ancient bone altar of Kikubaaqudgha.
    78 | D        | Found a shattered altar of Ashenzari.
    80 | D        | Became a worshipper of Sif Muna the Loreminder
   106 | D        | Noticed a worker ant
   113 | D        | Killed a worker ant
   113 | D        | Reached skill level 1 in Stealth
   113 | D        | Reached XP level 2. HP: 25/25 MP: 3/6
   114 | D        | Reached skill level 4 in Unarmed Combat
   114 | D        | Reached XP level 3. HP: 31/31 MP: 3/7
   146 | D        | Learned a level 2 spell: Sticks to Snakes
   150 | D        | Learned a level 3 spell: Spider Form
   431 | D        | Reached * piety under Sif Muna
   435 | D        | Reached skill level 1 in Poison Magic
   435 | D        | Reached XP level 4. HP: 40/40 MP: 0/9
   508 | D        | Learned a level 4 spell: Ice Form
   546 | D        | Noticed an orc warrior
   547 | D        | Noticed an orc warrior
   547 | D        | Noticed Grinder
   570 | D        | Slain by an orc warrior

Vault maps used:
D:        pitsprint

Skill      XL: |  1  2  3 |
---------------+----------+-----
Dodging        | 2 3 |  3.6
Fighting       | 2 3 |  3.9
Stealth        | 1 2 |  2.2
Spellcasting   | 3 |  3.7
Unarmed Combat | 4 |  4.6
Transmutations | 3 |  3.2
Poison Magic   | 1 |  1.2

Action                   |  1- 3 |  4- 6 || total
-------------------------+-------+-------++-------
Melee: Unarmed           |    25 |     9 ||    34
       Tailslap          |     2 |       ||     2
       Headbutt          |     4 |       ||     4
 Cast: Beastly Appendage |     2 |       ||     2
       Sticks to Snakes  |     2 |       ||     2
       Spider Form       |     1 |     2 ||     3
  Use: Potion            |     3 |     3 ||     6
Armor: Skin              |     6 |       ||     6
Dodge: Dodged            |    22 |     6 ||    28

Table legend:
 A = Spawn XP
 B = Non-spawn XP
 C = Spawn XP percentage of total XP
 D = Spawn monster count
 E = Non-spawn monster count
 F = Spawn count percentage of total count
 G = Total turns spent on level
                    A         B        C        D         E        F      G
               +---------+---------+-------+---------+---------+-------+---------
         Total |       0 |     117 |   0.0 |       0 |      11 |   0.0 |   570
               +---------+---------+-------+---------+---------+-------+---------
             D |       0 |     117 |   0.0 |       0 |      11 |   0.0 |   570
               +---------+---------+-------+---------+---------+-------+---------
